 Dungeon Crawl Stone Soup version 0.21.1-1-g345015f (webtiles) character file.

286 rlgrobin the Skirmisher (level 6, 0/48 HPs)
             Began as a Demonspawn Fighter on Feb 6, 2018.
             Succumbed to a worker ant's poison
             ... on level 4 of the Dungeon.
             The game lasted 00:11:56 (3378 turns).

rlgrobin the Skirmisher (Demonspawn Fighter)        Turns: 3378, Time: 00:11:57

Health: 0/48       AC:  8    Str: 15 (18) XL:     6   Next: 8%
Magic:  6/6        EV: 11    Int:  7 (10) God:
Gold:   148        SH:  9    Dex: 15 (17) Spells: 5/5 levels left

rFire    . . .     SeeInvis .   a - +0 war axe
rCold    . . .     Gourm    .   c - +0 shield
rNeg     . . .     Faith    .   b - +0 scale mail
rPois    .         Spirit   .   (no helmet)
rElec    .         Reflect  .   g - +0 cloak
rCorr    .         Harm     .   (no gloves)
MR       .....                  (no boots)
Stlth    +.........             (no amulet)
HPRegen  0.16/turn              (no ring)
MPRegen  0.10/turn              (no ring)

@: agile, lethally poisoned (0 -> -9)
A: talons 1, demonic guardian 1
a: no special abilities


You were on level 4 of the Dungeon.
You were not hungry.

You visited 1 branch of the dungeon, and saw 4 of its levels.

You collected 148 gold pieces.


Innate Abilities, Weirdness & Mutations

You have sharp toenails.
A weak demonic guardian rushes to your aid.


   Skills:
 + Level 4.1 Fighting
 + Level 3.2 Axes
 + Level 3.8 Armour
 + Level 3.7 Shields
 + Level 1.0 Unarmed Combat


You had 5 spell levels left.
You didn't know any spells.

Inventory:

Hand Weapons
 a - a +0 war axe (weapon)
Armour
 b - a +0 scale mail (worn)
 c - a +0 shield (worn)
 g - a +0 cloak (worn)
Scrolls
 e - 2 scrolls of identify {@r1}
 h - 2 scrolls of enchant armour
 j - 3 scrolls of teleportation {@r4}
Potions
 l - a potion of degeneration {!q}
Comestibles
 f - 5 rations

Dungeon Overview and Level Annotations

Branches:
Dungeon (4/15)
 Temple: D:4-7

Altars:
Elyvilon
Kikubaaqudgha
Sif Muna
Wu Jian

. ▒+▒ .. ▒ ▒.▒▒
+▒▒▒... ▒..▒▒▒▒▒..▒▒
.......
...........▒▒.......
..8..<..85B.'.......
.........6)▒▒+▒▒▒...
▒..▒▒▒▒▒.[▒▒ ▒▒ ▒.▒▒
▒+▒


You could see a worker ant and a friendly ufetubus.


Message History

You are too injured to fight recklessly!!!
Okay, then!
It was a potion of degeneration!
There was something very wrong with that liquid!
You feel weakened!
You feel dopey!
You feel clumsy!
You feel sick!
The worker ant bites you! * * * don't die
* * * The worker ant bites you but does no damage!
You take 3 damage, and have 5/48 hp!
It was a potion of agility!
You feel agile all of a sudden! * * * don't die
* * * You feel sick!
Your ufetubus barely misses the worker ant! x4
The worker ant bites you! * * * don't die
* * * You are more poisoned!
The worker ant poisons you!!!
You take 2 damage, and have 3/48 hp!
You cut the worker ant into ribbons!
The worker ant is moderately wounded! * * * don't die
* * * You feel sick!
Your ufetubus barely misses the worker ant!
Your ufetubus hits the worker ant! You block the worker ant's attack!
Your ufetubus barely misses the worker ant! x2
You take 1 damage, and have 2/48 hp!
You cut the worker ant into ribbons! Your kick misses the worker ant!
The worker ant is almost dead! rip

Action                   |  1- 3 |  4- 6 || total
-------------------------+-------+-------++-------
Melee: War axe           |   110 |   151 ||   261
       Kick              |       |    26 ||    26
  Use: Potion            |     2 |     3 ||     5
       Scroll            |       |     4 ||     4
  Eat: Chunk             |     1 |     7 ||     8
Armor: Scale mail        |    75 |    60 ||   135
Dodge: Dodged            |    38 |    41 ||    79
Block: Shield            |    60 |    74 ||   134

Vault maps used:
D:1:      minmay_arrival_up_and_down
D:2:      elyvilon_altar_1, marbit_many_paths
D:3:      led_sif_book, overflow_temple_1_default, first_ration
D:4:      grunt_ministairs_15

Notes
Turn   | Place    | Note
-------+----------+-------------------------------------------
     0 | D:1      | rlgrobin the Demonspawn Fighter began the quest for the Orb.
     0 | D:1      | Reached XP level 1. HP: 18/18 MP: 1/1
   169 | D:1      | Reached skill level 2 in Axes
   172 | D:1      | Gained mutation: A weak demonic guardian rushes to your aid. [demonic ancestry]
   172 | D:1      | Reached XP level 2. HP: 24/24 MP: 2/2
   588 | D:2      | Reached skill level 3 in Armour
   588 | D:2      | Reached skill level 3 in Shields
   685 | D:2      | Reached XP level 3. HP: 26/29 MP: 3/3
  1018 | D:2      | Found an ornate altar of the Wu Jian Council.
  1156 | D:2      | Found a white marble altar of Elyvilon.
  1174 | D:2      | Reached XP level 4. HP: 25/35 MP: 4/4
  2087 | D:3      | Gained mutation: You have sharp toenails. [demonic ancestry]
  2087 | D:3      | Reached XP level 5. HP: 28/42 MP: 5/5
  2253 | D:3      | Found an ancient bone altar of Kikubaaqudgha.
  2338 | D:3      | Noticed tidbits's ghost (weakling GnSk)
  2340 | D:3      | Reached skill level 3 in Axes
  2358 | D:3      | Killed tidbits's ghost
  2358 | D:3      | Reached skill level 4 in Fighting
  2787 | D:3      | Found a deep blue altar of Sif Muna.
  3374 | D:4      | Reached skill level 1 in Unarmed Combat
  3374 | D:4      | Reached XP level 6. HP: 8/48 MP: 6/6
  3376 | D:4      | HP: 3/48 [worker ant (2)]
  3378 | D:4      | Succumbed to a worker ant's poison

Vanquished Creatures
  The ghost of tidbits the Charmwright, a weakling GnSk (D:3)
  6 adders
  4 gnolls (D:2)
  An ooze (D:4)
  3 worms
  3 dart slugs
  4 leopard geckos
  10 orcs
  2 ball pythons (D:3)
  4 goblins
  7 hobgoblins
  5 jackals (D:3)
  4 quokkas
  7 bats
  5 frilled lizards
  7 kobolds
  7 rats
  A fungus (D:2)
81 creatures vanquished.

Vanquished Creatures (collateral kills)
  An orc priest (D:4)
  3 orc wizards (D:3)
4 creatures vanquished.

Vanquished Creatures (others)
  A fungus (D:2)
1 creature vanquished.

Grand Total: 86 creatures vanquished
